 Dungeon Crawl Stone Soup version 0.21-a0-582-g1b93aee (webtiles) character file.

255 Lanoc the Ducker (level 6, -2/53 HPs)
             Began as a Gnoll Monk on Dec 19, 2017.
             Slain by an orc priest
             ... wielding a +0 flail
              (8 damage)
             ... while paralysed by an orc priest
             ... on level 3 of the Dungeon.
             The game lasted 00:06:23 (2353 turns).

Lanoc the Ducker (Gnoll Monk)                       Turns: 2353, Time: 00:06:24

Health: -2/53      AC:  3    Str: 14    XL:     6   Next: 15%
Magic:  8/8        EV:  2    Int: 12    God:
Gold:   59         SH:  0    Dex: 19    Spells: 8/8 levels left

rFire    + . .     SeeInvis .   s - +1 spear (freeze)
rCold    . . .     Gourm    .   (no shield)
rNeg     . . .     Faith    +   u - +1 robe {rF+}
rPois    .         Spirit   .   (no helmet)
rElec    .         Reflect  .   (no cloak)
rCorr    .         Harm     .   (no gloves)
MR       .....                  (no boots)
Stlth    ++........             d - amulet of faith
HPRegen  0.17/turn              k - ring of loudness (curse)
MPRegen  0.11/turn              (no ring)

@: paralysed
A: distributed training, fangs 1, strong nose
a: no special abilities


You were on level 3 of the Dungeon.
You were not hungry.

You visited 1 branch of the dungeon, and saw 3 of its levels.

You collected 59 gold pieces.

Inventory:

Hand Weapons
 a - a +1 falchion
 f - a +2 dagger of speed
 s - a +1 spear of freezing (weapon)
 t - a +0 scythe
Missiles
 g - 47 sling bullets
 i - 39 bolts
 r - 39 arrows
Armour
 u - a +1 robe of fire resistance (worn)
Jewellery
 d - an amulet of faith (around neck)
 k - a cursed ring of loudness (left hand)
Scrolls
 h - a scroll of enchant weapon
 l - a scroll of identify
Potions
 e - a potion of flight {unknown}
 j - a potion of might
 m - 2 potions of invisibility {unknown}
 n - a potion of degeneration {unknown}
 p - a potion of mutation {unknown}
Comestibles
 b - 2 chunks of flesh
 c - 7 rations


   Skills:
 + Level 6.8 Fighting
 + Level 1.8 Short Blades
 + Level 6.8 Long Blades
 + Level 1.8 Axes
 + Level 1.8 Maces & Flails
 + Level 1.8 Polearms
 + Level 1.8 Staves
 + Level 1.8 Slings
 + Level 1.8 Bows
 + Level 1.8 Crossbows
 + Level 1.8 Throwing
 + Level 1.8 Armour
 + Level 6.8 Dodging
 + Level 4.5 Stealth
 + Level 1.8 Shields
 + Level 1.8 Unarmed Combat
 + Level 1.8 Spellcasting
 + Level 1.4 Conjurations
 + Level 1.4 Hexes
 + Level 1.4 Charms
 + Level 1.4 Summonings
 + Level 1.4 Necromancy
 + Level 1.4 Translocations
 + Level 1.4 Transmutations
 + Level 1.4 Fire Magic
 + Level 1.4 Ice Magic
 + Level 1.4 Air Magic
 + Level 1.4 Earth Magic
 + Level 1.4 Poison Magic
 + Level 2.0 Invocations
 + Level 1.8 Evocations


You had 8 spell levels left.
You didn't know any spells.

Dungeon Overview and Level Annotations

Branches:
Dungeon (3/15)

Altars:
Ashenzari
Dithmenos
Okawaru


Innate Abilities, Weirdness & Mutations

Your experience applies equally to all skills.
You have very sharp teeth.
Your uncanny sense of smell can sniff out nearby items.


Message History

The orc priest hits you with a flail of holy wrath.
The orc priest completely misses you.
You barely miss the orc priest.
You bite the orc priest, but do no damage.
The orc priest is heavily wounded.
The orc priest zaps a wand.
You suddenly lose the ability to move!
The orc priest hits you but does no damage.
The orc priest hits you with a flail of holy wrath.
The orc priest barely misses you.
The orc priest hits you but does no damage.
The orc priest looks encouraged for a moment.
The orc priest zaps a wand.
You resist with some effort.
The orc priest mumbles some strange prayers to Beogh against you.
Beogh smites you!
* * * LOW HITPOINT WARNING * * *
The orc priest hits you with a flail of holy wrath!
* * * LOW HITPOINT WARNING * * *
The orc priest casts a cantrip, but nothing happens.
The orc priest hits you with a flail!
You die...

# ######..#
###....##..#
.......##..#
)##....##..########
..#######.........#
....####..........#
###.............[.#
# ###..........o..#
#####.##.......o@.#
..##..###.........#
...#..............#
.....####.........#
.....#
#.........####
.....#
#.)..........#
.....#
####.#######.##
...#..# #.# #..#
....#..# #.# ##.#


You could see 2 orc priests.

Vanquished Creatures
  Sigmund (D:3)
  2 adders (D:2)
  2 oozes
  2 dart slugs (D:2)
  3 leopard geckos
  4 orcs
  11 bats
  4 giant cockroaches
  2 goblins (D:2)
  6 hobgoblins
  5 jackals
  5 frilled lizards
  9 kobolds
  6 rats
62 creatures vanquished.

Notes
Turn   | Place    | Note
-------+----------+-------------------------------------------
     0 | D:1      | Lanoc the Gnoll Monk began the quest for the Orb.
     0 | D:1      | Reached XP level 1. HP: 23/23 MP: 1/1
    74 | D:1      | Reached XP level 2. HP: 26/29 MP: 2/2
   252 | D:1      | Reached XP level 3. HP: 31/35 MP: 3/3
   807 | D:2      | Reached skill level 1 in Invocations
   922 | D:2      | Reached skill level 1 in Short Blades
   922 | D:2      | Reached skill level 1 in Axes
   922 | D:2      | Reached skill level 1 in Maces & Flails
   922 | D:2      | Reached skill level 1 in Polearms
   922 | D:2      | Reached skill level 1 in Staves
   922 | D:2      | Reached skill level 1 in Slings
   922 | D:2      | Reached skill level 1 in Bows
   922 | D:2      | Reached skill level 1 in Crossbows
   922 | D:2      | Reached skill level 1 in Throwing
   922 | D:2      | Reached skill level 1 in Armour
   922 | D:2      | Reached skill level 1 in Shields
   922 | D:2      | Reached skill level 1 in Unarmed Combat
   922 | D:2      | Reached skill level 1 in Spellcasting
   922 | D:2      | Reached skill level 1 in Evocations
   922 | D:2      | Reached XP level 4. HP: 29/41 MP: 5/5
  1399 | D:2      | Found a shadowy altar of Dithmenos.
  1399 | D:2      | Found a shattered altar of Ashenzari.
  1466 | D:3      | Noticed Sigmund
  1492 | D:3      | Killed Sigmund
  1492 | D:3      | Reached skill level 1 in Conjurations
  1492 | D:3      | Reached skill level 1 in Hexes
  1492 | D:3      | Reached skill level 1 in Charms
  1492 | D:3      | Reached skill level 1 in Summonings
  1492 | D:3      | Reached skill level 1 in Necromancy
  1492 | D:3      | Reached skill level 1 in Translocations
  1492 | D:3      | Reached skill level 1 in Transmutations
  1492 | D:3      | Reached skill level 1 in Fire Magic
  1492 | D:3      | Reached skill level 1 in Ice Magic
  1492 | D:3      | Reached skill level 1 in Air Magic
  1492 | D:3      | Reached skill level 1 in Earth Magic
  1492 | D:3      | Reached skill level 1 in Poison Magic
  1492 | D:3      | Reached XP level 5. HP: 6/47 MP: 5/7
  1492 | D:3      | Reached XP level 6. HP: 7/53 MP: 5/8
  1627 | D:3      | Found an iron altar of Okawaru.
  2344 | D:3      | Paralysed by an orc priest for 2 turns
  2348 | D:3      | Paralysed by an orc priest for 7 turns
  2353 | D:3      | Slain by an orc priest

Vault maps used:
D:1:      minmay_arrival_shoal_huts
D:2:      gammafunk_temple_overflow_statue
D:3:      lemuel_round_altar, lemuel_coloured_pillars_altar, uniq_sigmund

Skill      XL: |  1  2  3  4  5  6 |
---------------+-------------------+-----
Invocations    | 1 2 |  2.0
Short Blades   | 1 |  1.8
Axes           | 1 |  1.8
Maces & Flails | 1 |  1.8
Polearms       | 1 |  1.8
Staves         | 1 |  1.8
Slings         | 1 |  1.8
Bows           | 1 |  1.8
Crossbows      | 1 |  1.8
Throwing       | 1 |  1.8
Armour         | 1 |  1.8
Shields        | 1 |  1.8
Unarmed Combat | 1 |  1.8
Spellcasting   | 1 |  1.8
Evocations     | 1 |  1.8
Conjurations   | 1 |  1.4
Hexes          | 1 |  1.4
Charms         | 1 |  1.4
Summonings     | 1 |  1.4
Necromancy     | 1 |  1.4
Translocations | 1 |  1.4
Transmutations | 1 |  1.4
Fire Magic     | 1 |  1.4
Ice Magic      | 1 |  1.4
Air Magic      | 1 |  1.4
Earth Magic    | 1 |  1.4
Poison Magic   | 1 |  1.4
Fighting       | |  6.8
Long Blades    | |  6.8
Dodging        | |  6.8
Stealth        | |  4.5

Action                   |  1- 3 |  4- 6 || total
-------------------------+-------+-------++-------
Melee: Falchion          |    87 |    54 ||   141
       Bite              |    10 |    17 ||    27
       Punch             |       |     3 ||     3
       Spear             |       |    53 ||    53
  Use: Scroll            |     2 |     3 ||     5
 Stab: Sleeping          |     2 |     1 ||     3
  Eat: Chunk             |       |     2 ||     2
       Ration            |       |     1 ||     1
Armor: Robe              |    19 |    18 ||    37
Dodge: Dodged            |    90 |    96 ||   186
       Rpst.: Falchion   |    28 |     8 ||    36

Table legend:
 A = Spawn XP
 B = Non-spawn XP
 C = Spawn XP percentage of total XP
 D = Spawn monster count
 E = Non-spawn monster count
 F = Spawn count percentage of total count
 G = Total turns spent on level
                    A         B        C        D         E        F      G
               +---------+---------+-------+---------+---------+-------+---------
         Total |       0 |     365 |   0.0 |       0 |      62 |   0.0 |  2353
               +---------+---------+-------+---------+---------+-------+---------
           D:1 |       0 |      52 |   0.0 |       0 |      27 |   0.0 |   760
           D:2 |       0 |      68 |   0.0 |       0 |      25 |   0.0 |  1119
           D:3 |       0 |     245 |   0.0 |       0 |      10 |   0.0 |   474
               +---------+---------+-------+---------+---------+-------+---------
